 Dungeon Crawl Stone Soup version 0.31.0-11-ge490571c62 (webtiles) character file.

Game seed: 12460704907033004730

9 Gadfly the Ruffian (level 2, 19/19 (21) HPs)
             Began as a Demonspawn Shapeshifter on Jan 27, 2024.
             Quit the game on level 1 of the Dungeon.
             The game lasted 00:00:45 (194 turns).

Gadfly the Ruffian (Demonspawn Shapeshifter)         Turns: 194, Time: 00:00:46

HP:   19/19 (21)    AC:  2    Str: 14    XL:     2   Next: 6%
MP:   2/2           EV: 12    Int: 10    God:
Gold: 7             SH:  0    Dex: 12    Spells: 1/1 levels left

rFire   . .          .
                       - Unarmed
rCold   . . .        (no shield)
rNeg    . . .        a - +0 animal skin
rPois   .            (helmet currently unavailable)
rElec   .            (cloak currently unavailable)
rCorr   .            (gloves currently unavailable)
SInv    .            (boots currently unavailable)
Will    .....        (no amulet)
Stlth   +            (no ring)
HPRegen 0.23/turn    (no ring)
MPRegen 0.08/turn

%: no passive effects
@: beast-form, drained
A: beast (slay +1), sturdy frame 1
a: Begin Untransformation


You were on level 1 of the Dungeon.
You were a hulking beast.
You visited 1 branch of the dungeon, and saw 1 of its levels.

You collected 7 gold pieces.

Inventory:

Armour
 a - a +0 animal skin (worn)
Talismans
 c - a beast talisman
 d - a flux talisman
Scrolls
 e - a scroll of fear {unknown}
 f - a scroll of identify {unknown}
 g - a scroll of blinking {unknown}
Potions
 b - a potion of lignification


   Skills:
 + Level 1.2 Fighting
 * Level 2.0 Dodging
 + Level 2.8 Unarmed Combat
 * Level 0.6 Evocations
 + Level 2.7 Shapeshifting


You had one spell level left.
You didn't know any spells.
Your spell library was empty.

Dungeon Overview and Level Annotations

Branches:
Dungeon (1/15)

Altars:


Innate Abilities, Weirdness & Mutations

You are a hulking beast.
Your limbs bulge with bestial killing power. (Slay +1)
Your movements are slightly less encumbered by armour. (ER -2)


Message History

Found a stone staircase leading down.
A frilled lizard is nearby!
A frilled lizard is nearby!
Found a ring mail.
The frilled lizard hisses angrily.
You hit the frilled lizard.
You kill the frilled lizard!
You have reached level 2!
Your demonic ancestry asserts itself...
You feel less encumbered by your armour.
A goblin comes into view. It is wielding a +0 dagger of draining.
A goblin is nearby!
A goblin is nearby!
A goblin is nearby!
The goblin shouts!
You hear a shout!
The goblin closely misses you.
You hit the goblin but do no damage. The goblin hits you but does no damage.
You feel drained.
You hit the goblin.
The goblin is severely wounded.
The goblin hits you with a +0 dagger of draining.
You feel drained.
You hit the goblin.
You kill the goblin!
No target in view!
No target in view!
No target in view!
No target in view!
No target in view!
No target in view!
No target in view!
No target in view!
No target in view!
No target in view!
No target in view!
Things that are here:
a +0 dagger of draining; a goblin corpse Search for what [? for help]?
Okay, then.
Are you sure you want to abandon this character and quit the game? (Confirm with "yes".)

#........###
###......#.#....####.
..........#+####.#>†
#.......... #....... .
#.......############
#.###.......# #....#
#...........###....#
#................#####
#....h[>..............
#................#####
#................#
#.............####
#.............#
#.............#
#.........#####
#.........#
#.........#


There were no monsters in sight!

Vanquished Creatures
  A giant cockroach (D:1)
  A goblin (D:1)
  2 hobgoblins (D:1)
  A kobold (D:1)
  A bat (D:1)
  3 frilled lizards (D:1)
9 creatures vanquished.

Notes
Turn   | Place    | Note
-------+----------+-------------------------------------------
     0 | D:1      | Gadfly the Demonspawn Shapeshifter began the quest for the
                  | Orb.
     0 | D:1      | Reached XP level 1. HP: 15/15 MP: 1/1
   185 | D:1      | Gained mutation: Your movements are slightly less
                  | encumbered by armour. (ER -2) [demonic ancestry]
   185 | D:1      | Reached XP level 2. HP: 21/21 MP: 2/2
   194 | D:1      | Quit the game

Illustrated notes

Levels and vault maps discovered:
D:1:      dpeg_arrival_long_road, layout_basic, shapermc_ecumenical_altar_petra,
          serial_shops, shop, minmay_pentomino_t2

Skill      XL: |  1 |
---------------+----+-----
Dodging        | 2 |  2.0
Fighting       | |  1.2
Unarmed Combat | |  2.8
Evocations     | |  0.6
Shapeshifting  | |  2.7

Action                     || total
---------------------------++-------
  Melee: Unarmed           ||    28
   Stab: Sleeping          ||     1
 Armour: Animal skin       ||    12
  Dodge: Dodged            ||     9
